Cogmind - Beta 17 @@@ ROGUE MODE // 2026.06.29 @ 18:21:10 Player: foolish jester Result: Destroyed by G-34 Mercenary with Spread Laser Performance ------------- Evolutions (0) 0 Regions Visited (1) 200 Robots Destroyed (13) 65 Value Destroyed (337) 337 Prototype IDs (2) 40 Alien Tech Used (0) 0 Bonus (6974) 6974 TOTAL SCORE: 7616 Bonus ------- Follower Combat Kills 74 Prayed to X0-1V1 5000 Major X0-1V1 Interference 1900 Cogmind --------- Core Integrity 0/150 Matter 145/150 Energy 718/1550 System Corruption 0% Temperature Critical (509) Movement Rolling (95) Ox1 Location -10/Materials Parts ------- > --- POWER (2) -------- Ion Engine > --- PROPULSION (2) --- Light Treads Wheel > --- UTILITY (1) ------ Small Storage Unit > --- WEAPON (3) ------- Small Laser Particle Gun > --- INVENTORY (9) ---- Flight Unit Flight Unit Flight Unit Improved Heat Sink Improved Terrain Scanner X0-1V1's Piety Tracker Grenade Launcher Peak State ------------ > --- POWER ------------ Light Ion Engine > --- PROPULSION ------- Light Treads Wheel > --- UTILITY ---------- Improved Heat Sink Small Storage Unit > --- WEAPON ----------- Medium Laser Small Laser > --- INVENTORY -------- Ion Engine Flight Unit Flight Unit Flight Unit Improved Terrain Scanner X0-1V1's Piety Tracker Particle Gun Grenade Launcher [Rating: 11] Favorites ----------- Power Light Ion Engine Engine Light Ion Engine Propulsion Light Treads Treads Light Treads Wheel Wheel Utility Small Storage Unit Device Seismic Detector Storage Small Storage Unit Weapon Small Laser Energy Gun Small Laser Build | -11 -10 ------- Run | Yrd Mat Slots Evolved . | . . Power . | . . Propulsion . | . . Utility . | . . Weapon . | . . Parts Attached 12 | 7 5 Power 2 | 1 1 Engine 2 | 1 1 Core . | . . Reactor . | . . Propulsion 3 | 2 1 Treads 2 | 1 1 Leg . | . . Wheel 1 | 1 . Hover . | . . Flight . | . . Utility 4 | 2 2 Device 3 | 1 2 Storage 1 | 1 . Processor . | . . Hackware . | . . Protection . | . . Artifact . | . . Weapon 3 | 2 1 Energy Gun 3 | 2 1 Energy Cannon . | . . Ballistic Gun . | . . Ballistic Cannon . | . . Launcher . | . . Special Weapon . | . . Impact Weapon . | . . Slashing Weapon . | . . Piercing Weapon . | . . Special Melee Weapon . | . . Unidentified Prototypes . | . . Parts Lost 4 | . 4 Power 1 | . 1 Propulsion 1 | . 1 Utility 1 | . 1 Weapon 1 | . 1 Highest Loss Streak 2 | . 2 To Critical Strikes . | . . Average Backups 7 | 4 7 Power . | . . Propulsion 3 | 2 3 Utility 1 | . 1 Weapon 1 | . 1 Tool/Special . | . . Unused Backups 10 | . 10 Power . | . . Propulsion 6 | . 6 Utility 2 | . 2 Weapon 2 | . 2 Tool/Special . | . . Average Slot Usage (%) 99 | . 99 Engine 14 | . 14 Treads 13 | . 13 Wheel 13 | . 13 Device 12 | . 12 Storage 13 | . 13 Energy Gun 27 | . 27 Peak Build Rating 11 | 7 11 Average Rating 8 | 5 8 On Entrance 3 | . 7 Avg Prop Armor Cover (%) 12 | 14 12 Naked Turns . | . . Heaviest Build 16 | 12 16 Greatest Support 20 | 10 20 Greatest Overweight (x) 1 | 1 1 Average Overweight (x) . | . . Largest Inventory Capacity 9 | 8 9 Average Capacity 8 | 7 8 Most Carried 9 | 8 9 Average Carried 7 | 5 7 Final Capacity 9 | 8 9 Final Carried 7 | 7 7 Class Distribution -------------------- 100% | Mutant Dominant Class ---------------- Mutant | -10/Materials Resources | -11 -10 ----------- Run | Yrd Mat Matter Collected 305 | 197 108 Remotely . | . . Salvage Created 405 | 48 357 Parts 27 | 5 22 Haulers Intercepted . | . . Recyclers Shooed 1 | 1 . Parts Field Recycled . | . . Retrieved Matter . | . . Parts Self-Destructed . | . . Prevented . | . . Parts Restored . | . . Kills | -11 -10 ------- Run | Yrd Mat Combat Hostiles Destroyed 10 | . 10 Guns 10 | . 10 Classes Destroyed 4 | 1 3 Tunneler 2 | 2 . Watcher 1 | . 1 Swarmer 3 | . 3 Grunt 7 | . 7 Best Kill Streak 3 | 1 3 Combat Bots Only 3 | . 3 Max Kills in Single Turn 1 | 1 1 Gunslinging . | . . Exploded . | . . Melee . | . . Uniques/NPCs Destroyed . | . . Combat | -11 -10 -------- Run | Yrd Mat Hostile Shots Fired 90 | . 90 Missed 17 | . 17 Hits 73 | . 73 Projectile 73 | . 73 Damage Taken 710 | . 710 Core 194 | . 194 Absorbed by Shields . | . . Core Remaining (%) 100 | 100 . Volleys Fired 50 | 6 44 Largest 2 | 2 2 Hottest 105 | 90 105 Shots Fired 99 | 12 87 Gun 99 | 12 87 Cannon . | . . Launcher . | . . Special . | . . Kinetic . | . . Thermal 99 | 12 87 Explosive . | . . Electromagnetic . | . . Robot Hit Streak 27 | 5 27 Robot Miss Streak 3 | 2 3 Penetration Max . | . . Secondary Targets . | . . Shots Hit Robots 66 | 8 58 Core Hits 27 | 3 24 Critical Kills . | . . Critical Parts Destroyed . | . . Critical Strikes 4 | . 4 Burn 4 | . 4 Melee Attacks . | . . Impact . | . . Slashing . | . . Piercing . | . . Sneak Attacks . | . . Combat Hostiles . | . . Follow-up Attacks . | . . Damage Inflicted 783 | 92 691 Guns 783 | 92 691 Cannons . | . . Explosions . | . . Melee . | . . Ramming . | . . Kinetic . | . . Thermal 783 | 92 691 Explosive . | . . Electromagnetic . | . . Impact . | . . Slashing . | . . Piercing . | . . Highest Corruption 5 | . 5 Average Corruption 5 | . 5 Corruption Purged . | . . Corruption Blocked . | . . Effects 2 | . 2 Message Errors 1 | . 1 Energy Discharges 1 | . 1 Overload Shots . | . . Overflow Damage . | . . Projectiles . | . . Explosions . | . . Melee . | . . Knockbacks . | . . Impact . | . . Kinetic . | . . Secondary . | . . Self-Inflicted Damage . | . . Shots . | . . Rammed . | . . Targets Rammed . | . . Kicked . | . . Crushed . | . . Highest Temperature 500 | 120 500 Average Temperature 120 | 54 129 Received Heat Transfer 313 | . 313 Effects 6 | . 6 Energy Bleed 1 | . 1 Damage (major) 5 | . 5 Siege Activations . | . . Martial Activations . | . . Shielding Activations . | . . Robots Disrupted . | . . Combat Hostiles . | . . Robots Corrupted . | . . Combat Hostiles . | . . Parts Fried . | . . Impact Corruptions . | . . Robots Melted . | . . Combat Hostiles . | . . Parts Melted 8 | 1 7 Heat Transferred 2379 | 248 2131 Parts Sabotaged . | . . Parts Stolen . | . . Parts Stripped . | . . Power Chain Reactions . | . . Alert | -11 -10 ------- Run | Yrd Mat Maximum Alert Level . | . . Low Security (%) 100 | 100 100 Level 1 . | . . Level 2 . | . . Level 3 . | . . Level 4 . | . . Level 5 . | . . High Security . | . . Max Security . | . . Peak Influence 85 | 5 85 Initial . | . . Average 11 | 1 11 Influence Increases 371 | 10 361 Destroy 0b10 Robot/C 280 | . 280 Destroy 0b10 Robot/NC 20 | 10 10 Destroy Leader 54 | . 54 Allied During Kill 2 | . 2 Successful Hack 11 | . 11 Destroy Structure 4 | . 4 Influence Decreases 334 | 10 324 Time Decay 248 | 10 238 Lost Part 40 | . 40 Lost Ally 20 | . 20 Purge Threat 26 | . 26 Squads Dispatched 3 | . 3 Investigation 3 | . 3 Extermination . | . . Reinforcement . | . . Assault . | . . Garrison . | . . Intercept . | . . Searches Triggered . | . . Construction Impeded . | . . Haulers Reinforced . | . . Active Scanning Responses . | . . Cargo Convoy Interrupts . | . . Stealth | -11 -10 --------- Run | Yrd Mat Distress Signals . | . . Communications Jammed . | . . Distress Signals . | . . Times Spotted 23 | . 23 Peak Tracking Total 4 | . 4 Tactical Retreats . | . . Traps | -11 -10 ------- Run | Yrd Mat Traps Triggered 2 | . 2 Indirectly . | . . Trap Hack Attempts . | . . Triggered . | . . Disarmed . | . . Reprogrammed . | . . Reused . | . . Traps Extracted . | . . Installed . | . . Triggered . | . . Machines | -11 -10 ---------- Run | Yrd Mat Machines Disabled . | . . Max in Single Turn . | . . Machines Repaired . | . . Machines Dismantled . | . . Machines Sabotaged . | . . Overloaded Fab Kills . | . . Hacking | -11 -10 --------- Run | Yrd Mat Machines Accessed 7 | . 7 Terminals 7 | . 7 Fabricators . | . . Repair Stations . | . . Recycling Units . | . . Scanalyzers . | . . Garrison Access . | . . Total Hacks 21 | . 21 Successful 13 | . 13 Failed 8 | . 8 Catastrophic 2 | . 2 Database Lockouts . | . . Manual 12 | . 12 Terminals 21 | . 21 Fabricators . | . . Repair Stations . | . . Recycling Units . | . . Scanalyzers . | . . Garrison Access . | . . Terminal Hacks 7 | . 7 Robot Analysis 1 | . 1 Prototype ID Bank 1 | . 1 Unreport Threat 2 | . 2 Dispatch Records 1 | . 1 Recall Investigation 1 | . 1 Recall Reinforcements 1 | . 1 Fabricator Hacks . | . . Repair Station Hacks . | . . Recycling Unit Hacks . | . . Scanalyzer . | . . Garrison Access Hacks . | . . Unauthorized Hacks 6 | . 6 Terminals 6 | . 6 Assimilate 2 | . 2 Botnet 2 | . 2 Operators 2 | . 2 Fabricators . | . . Repair Stations . | . . Recycling Units . | . . Scanalyzers . | . . Garrison Access . | . . Data Cores Recovered . | . . Used . | . . Hacking Detections 5 | . 5 Full Trace Events 1 | . 1 Feedback Events . | . . Feedback Blocked . | . . Robot Schematics Acquired . | . . Robots Built . | . . Authchips . | . . Time . | . . Total Robot Build Rating . | . . Part Schematics Acquired . | . . Parts Built . | . . Authchips . | . . Time . | . . Total Part Build Rating . | . . Part Studies Acquired . | . . Parts Repaired . | . . Time . | . . Parts Recycled . | . . Recycled Matter . | . . Retrieved Matter . | . . Retrieved Components . | . . Parts Scanalyzed . | . . Part Schematics Acquired . | . . Parts Damaged . | . . Bothacking | -11 -10 ------------ Run | Yrd Mat Used RIF Installer . | . . Robots Hacked . | . . Non-combat . | . . Combat . | . . Robot Hacks Applied . | . . Relay Couplers Released . | . . Fabnet Peak Effective % . | . . Robots Rewired . | . . Allies Hacked . | . . Hacks Repelled . | . . Allies | -11 -10 -------- Run | Yrd Mat Total Allies 2 | . 2 Largest Group 1 | . 1 Highest-Rated Group 90 | . 90 Highest-Rated Ally 90 | . 90 Total Orders . | . . Ally Attacks 13 | . 13 Total Damage 473 | . 473 Kills 5 | . 5 Allies Corrupted . | . . Allies Melted . | . . X0-1V1 Amusement Gains 4 | . 4 Good Acts 8 | . 8 Bad Acts 13 | . 13 Intel | -11 -10 ------- Run | Yrd Mat Active Infowar (turns) 891 | 16 875 Seismic 891 | 16 875 Robot Analysis Total 1 | . 1 Derelict Logs Recovered . | . . Drone Launches . | . . Drone Recoveries . | . . Exploration | -11 -10 ------------- Run | Yrd Mat Turns Passed 1542 | 96 1446 Spaces Moved 902 | 65 837 Core 5 | 5 . Treads 61 | . 61 Legs . | . . Wheels 836 | 60 776 Hover . | . . Flight . | . . Fastest Speed 50 | 50 95 Average Speed 98 | 86 99 Slowest Speed 160 | 95 160 Overloaded Moves . | . . Propulsion Burnouts . | . . Robots Hopped . | . . Potential Cave-ins . | . . Cave-ins Triggered . | . . Exploration Rate (%) 46 | 4 88 Regions Visited 1 Branch Regions . Pre-discovered Areas . | . . Known Exits Taken . | . . Unknown Exits Taken 1 | 1 . Scrap Searched . | . . Spaces Dug . | . . Terrain Destroyed . | . . Melee . | . . Projectile . | . . AOE . | . . Terrain Rammed . | . . Walls Destroyed . | . . Machines Disabled . | . . Actions | -11 -10 --------- Run | Yrd Mat Total 1458 | 92 1366 Wait 463 | 1 462 Move 901 | 64 837 Hop . | . . Pick Up 25 | 14 11 Fast Attach . | . . Attach 11 | 7 4 Detach . | . . Swap 1 | . 1 Drop 7 | . 7 Fire 50 | 6 44 Melee . | . . Ram . | . . Kick . | . . Crush . | . . Escape Stasis . | . . Rewire . | . . Trap . | . . Miscellaneous . | . . Route ------- -11/Scrapyard -10/Materials (discovered 5 exits: [*Mat x3] / [*Min] / [*Sub]) History --------- Turn | Location | Event 18 | -11/Scrapyard | Discovered new exit (range 15) 97 | -11/Scrapyard | Entered Materials 315 | -10/Materials | Build established: Mutant 527 | -10/Materials | Discovered new exit (range 6) 571 | -10/Materials | Discovered new exit (range 16) 904 | -10/Materials | Discovered new exit (range 4) 1001 | -10/Materials | Core integrity fell below 50% 1018 | -10/Materials | Discovered new exit (range 15) 1249 | -10/Materials | Discovered new exit (range 9) 1333 | -10/Materials | Made a sacrifice at D.C.S.S. Altar Unit 1381 | -10/Materials | X0-1V1 activates XOMVISION 1430 | -10/Materials | Inventory capacity permanently improved by X0-1V1 (+1; -100 max core) 1432 | -10/Materials | X0-1V1 enhanced Transport squad support 1434 | -10/Materials | X0-1V1 mutated your Utility slot to Power slot 1466 | -10/Materials | X0-1V1 sent allied H-61 Shepherd (x1) 1514 | -10/Materials | Weapon slot count permanently improved by X0-1V1 (+1) 1529 | -10/Materials | X0-1V1 sent you into danger 1534 | -10/Materials | Core integrity fell below 20% 1543 | -10/Materials | Destroyed by G-34 Mercenary with Spread Laser Last Messages --------------- corruption). 01503_ Sensor data returns to normal. 01505_ X0-1V1: "Let the electrons flow!" (+1300 energy capacity) 01511_ X0-1V1 points here and there (9 item locations revealed). 01514_ X0-1V1: "If I've learned anything from roguelikes, it's that more appendages equals more fun." (permanent +1 Weapon slot) 01529_ X0-1V1: "Enjoy the ride!" 01533_ X0-1V1 wants to heat up the action around here (+292 heat). 01534_ K-01 Serf collects debris. 01537_ Med. Laser destroyed. 01540_ Overheating: Sml. Laser damaged (-11). 01540_ Overheating: Lgt. Treads damaged (-40). 01540_ X0-1V1 feels inspired! G-34 Mercenary Sml. Laser replaced by Spread Laser. 01541_ K-01 Serf collects debris. 01543_ Overheating: Particle Gun damaged (-44). 01543_ Overheating: Lgt. Treads damaged (-3). 01543_ Overheating: Sml. Laser damaged (-19). 01543_ Lgt. Ion Engine destroyed. 01543_ X0-1V1: "What?! That's it?" Map ----- +----------------------------------------------------+ | ?????????# ## | | ?????????# ###+###########+####### ## | | ?????????####### ## #?# ## | | ?#####?????????# ## #?# ## | | #?????????# """ """ ## #?# ## | | """" #?????????# """ """ ## #?# ## | | """" #?######### """ """ ## #?# #####/##### | | """" #?# ## ## #?# #?### ###?? | | """" #?# [ """## ! ## ### ### ### | | """" #?# """## ## # # | | """" #?# """############# # " | | """" #?# #???????????########## | | #?# [#?????????????######## ### | | ####+######+################# ## ######### | | # % ### ##?# | | # < #?# #??# | | # % """ #?# #??# !! | | ####+##### ######+### """ #?# #??# ! | | ?? ??# #???? ?# """ ###?# #??# = | | ## #???? ?# #???# #??# %^ | | ## #???= #k #???# #######+## | | ## #??? # #???# [* | | ## #?? # !!! #???# | | ## ########## !!! #???# | | ## ## = # !!! #???###### ### | | ## ## % # @ #????????# #?? | | ########## ## # g #????????# #?? | | ?????????# ## ! # #????????# #?? | | ?????????# ## # % #????????# #?? | | ?????????# ## # #????????# #?? | | ????????## ## # #????????# #?? | | ????????# # # #????????# #?? | | ????????# # # g ########?# ###### | | ????????# + ! # % # [#?# # | | ????????# # % # # """[[### # T | | ????????## ################# %[+ """= / # | | ?????????# # #???????# k # """ !### + | | ?????????# + "T" #???????# =# !#?# # | | ?????????# # #???????# # #?# #! = | | ?????????# # #???????# ########## #####+ | | ?????????# # #???????# | | ?????????# #########???????# ! | | ?????????# ############????# ############+## | | ?????????# ## <#????# #??????# # | | ????????## ## #?????# < #??????# # | | ?#####+## # ##????# #??????# #=[ | | # X#????#####??????# !!* + %% | | %= ##???????????????# !!* ###+ | | ##### # !#????????????????# !* ##=[ | | #???????##+##### #????????????????######### | +----------------------------------------------------+ Best States ------------- Heat Dissipation 39 Energy Generation 15 Energy Capacity 1575 Matter Stores 300 Matter Capacity 300 Sight Range 16 Terrain Scan Density 10 Evasion (%) 44 Recoil Reduction 1 Item Schematics ----------------- None Robot Schematics ------------------ None Fabricated ------------ Nothing Repaired ---------- Nothing Studied --------- None Alien Tech Used ----------------- None Achievements -------------- None Challenges ------------ None Game ------ Seed ExplosiveBraceChronowheel Manual? 0 Play Time 00:24:57 Cumulative 16.6 hours Start 2026.06.29 @ 18:07:52 End 2026.06.29 @ 18:21:10 Sessions 1 Manual Loads 0 Difficulty Rogue Special Mode None Game No. 47 Rogue 47 Adventurer 0 Explorer 0 Win Type - Total 0 Types 0/0/0/0/0/0/0/0/0/0 Lore% 10 Gallery% 19 Achievement% 17 Wizard Run 0 Options --------- Layout 1 ASCII 0 Keyboard 0 Movement Mouse Keybinds 0 Fullscreen 1 Font 24/Smallcaps Map View 76x35 Zoom Use 0% Tactical HUD 1 Map Filters NONE Filters NONE Steam 1 RUN: e67aa75e-a2b0-4b30-bf9b-3208d89890df